 Dungeon Crawl Stone Soup version 0.22-a0-351-g29664b4 (webtiles) character file.

9242 theclanless the Magician (level 11, -20/75 HPs)
             Began as a Gnoll Skald on Apr 12, 2018.
             Was a High Priest of Ru.
             Demolished by an orc warlord
             ... wielding a +0 long sword
              (30 damage)
             ... on level 1 of the Orcish Mines.
             The game lasted 00:43:48 (7101 turns).

theclanless the Magician (Gnoll Skald)              Turns: 7101, Time: 00:43:48

Health: -20/75     AC:  5    Str: 16    XL:     11   Next: 43%
Magic:  21/31      EV: 21    Int: 17    God:    Ru [*****.]
Gold:   558        SH:  0    Dex: 16    Spells: 11/25 levels left

rFire    + . .     SeeInvis .   a - +4 arc blade {discharge, rElec}
rCold    + . .     Gourm    .   (no shield)
rNeg     . . .     Faith    .   N - +0 robe {rC+ rF+}
rPois    .         Spirit   .   h - +0 helmet (curse)
rElec    +         Reflect  .   (no cloak)
rCorr    .         Harm     .   (no gloves)
MR       .....     Clarity  +   v - +0 pair of boots
Stlth    +++.......             i - amulet of regeneration
HPRegen  1.62/turn              t - +5 ring of evasion
MPRegen  0.22/turn              r - ring of magical power

@: exhausted, singing, no potions, regenerating, drained
A: distributed training, fangs 1, clarity, clever 1, frail 1, inability to drink
while threatened, unskilled 1, inexperienced 1, strong nose
a: Sacrifice Love, Sacrifice Essence, Sacrifice Stealth, Reject Sacrifices, Draw
Out Power, Power Leap, Apocalypse, Renounce Religion


You were on level 1 of the Orcish Mines.
You worshipped Ru.
Ru was extremely pleased with you.
You were not hungry.

You visited 3 branches of the dungeon, and saw 11 of its levels.

You collected 558 gold pieces.

Inventory:

Hand Weapons
 a - the +4 arc blade (weapon) {discharge, rElec}
   (You found it on level 4 of the Dungeon)

   It insulates you from electricity.
 b - a +4 long sword of flaming
 m - a +0 hand axe of flaming
 B - a +1 spear of piercing
 G - a -1 trident
 J - a +3 dagger of freezing
 K - a +5 dire flail
 L - a +0 great sword
 M - a +0 war axe
 P - a +0 shortbow
 V - a +2 whip of electrocution
 X - a +0 quarterstaff
Missiles
 c - 72 bolts
 f - 5 silver tomahawks (quivered)
 x - 4 tomahawks
 Q - 109 arrows
 T - 2 throwing nets
Armour
 g - a +1 robe of magic resistance
 h - a cursed +0 helmet (worn)
 v - a +0 pair of boots (worn)
 w - a +0 leather armour
 y - a +0 ring mail
 N - a +0 robe of resistance (worn)
Jewellery
 i - an amulet of regeneration (around neck)
 l - a +4 amulet of reflection
 r - a ring of magical power (right hand)
 t - a +5 ring of evasion (left hand)
 S - an uncursed ring of ice
 U - an uncursed ring of positive energy
Wands
 C - a wand of polymorph (25)
 D - a wand of acid (7)
 E - a wand of flame (17)
 O - a wand of paralysis (31)
Scrolls
 e - 2 scrolls of remove curse
 k - a scroll of immolation
 n - 5 scrolls of magic mapping
 o - 6 scrolls of teleportation
 A - a scroll of fog
 Z - 3 scrolls of identify
Potions
 j - 3 potions of might
 p - a potion of cancellation
 q - a potion of heal wounds {unknown}
 s - a potion of flight
 u - a potion of lignification {unknown}
 z - 3 potions of berserk rage
 F - 6 potions of curing
 H - a potion of invisibility
 I - a potion of haste {unknown}
 R - a potion of brilliance {unknown}
Comestibles
 d - 31 rations


   Skills:
 + Level 7.4(6.6) Fighting
 + Level 6.0(5.2) Short Blades
 + Level 6.0(5.2) Long Blades
 + Level 7.4(6.6) Axes
 + Level 6.0(5.2) Maces & Flails
 + Level 6.0(5.2) Polearms
 + Level 6.0(5.2) Staves
 + Level 6.0(5.2) Slings
 + Level 6.0(5.2) Bows
 + Level 6.0(5.2) Crossbows
 + Level 6.0(5.2) Throwing
 + Level 6.5(5.7) Armour
 + Level 7.4(6.6) Dodging
 + Level 6.0(5.2) Stealth
 + Level 6.0(5.2) Shields
 + Level 6.0(5.2) Unarmed Combat
 + Level 7.6(6.8) Spellcasting
 + Level 5.0(4.2) Conjurations
 + Level 5.0(4.2) Hexes
 + Level 7.1(6.3) Charms
 + Level 5.0(4.2) Summonings
 + Level 5.0(4.2) Necromancy
 + Level 5.0(4.2) Translocations
 + Level 5.0(4.2) Transmutations
 + Level 5.0(4.2) Fire Magic
 + Level 5.0(4.2) Ice Magic
 + Level 5.0(4.2) Air Magic
 + Level 5.0(4.2) Earth Magic
 + Level 5.0(4.2) Poison Magic
 + Level 6.6(5.8) Invocations
 + Level 6.0(5.2) Evocations


You had 11 spell levels left.
You knew the following spells:

 Your Spells              Type           Power        Failure   Level  Hunger
a - Infusion              Chrm           ####         1%          1    None
c - Regeneration          Chrm/Necr      ###.......   4%          3    ##.....
d - Shroud of Golubria    Chrm/Tloc      ###.......   1%          2    None
s - Song of Slaying       Chrm           ####....     1%          2    None
w - Spectral Weapon       Hex/Chrm       ###.....     4%          3    ##.....
z - Dazzling Spray        Conj/Hex       ###...       6%          3    ##.....


Dungeon Overview and Level Annotations

Branches:
Dungeon (9/15)             Temple (1/1) D:6            Lair (0/6) D:9
    Orc (1/2) D:9

Altars:
Ashenzari
Cheibriados
Dithmenos
Elyvilon
Fedhas
Gozag
Hepliaklqana
Kikubaaqudgha
Makhleb
Nemelex Xobeh
Okawaru
Qazlal
Ru
Sif Muna
Trog
Uskayaw
Vehumet
Wu Jian
Xom
Yredelemnul
Zin
The Shining One

Shops:
D:5 =


Innate Abilities, Weirdness & Mutations

Your experience applies equally to all skills.
You have very sharp teeth.
You cannot drink potions while threatened.
You are somewhat unskilled. (-1 Apt)
You are somewhat inexperienced. (-2 XL)
Your uncanny sense of smell can sniff out nearby items.
You possess an exceptional clarity of mind.
Your mind is acute. (Int +2)
You are frail. (-10% HP)


Message History

You kill the orc priest!
You kill the orc!
You feel drained.
The orc knight hits you with a long sword!!
* * * LOW HITPOINT WARNING * * *
Unknown command.
You hit the orc knight but do no damage.
The orc knight is severely wounded.
You hit the orc knight. Your bite misses the orc knight.
The orc knight is almost dead.
You barely miss the orc knight. Your bite misses the orc knight.
The orc knight is almost dead.
You redirect the orc knight's attack!
The orc knight hits the orc warlord with a long sword!!
You puncture the orc knight!
The orc knight is almost dead.
The orc warlord no longer looks unusually strong.
You hit the orc knight.
You kill the orc knight!
The orc warlord hits you with a long sword!!
You die...

............#
............#
#......>...##
##........##
#..........##
##..........#
#.........##
..........##
.....#)@...#
#....))o).##
###..))))## ∆
#..))).$
.....)...#
.......)..#
##........#
.$..#...$#


You could see an orc warlord.

Vanquished Creatures
  A hydra (D:9)
  A centaur warrior (D:9)
  2 two-headed ogres
  A fire crab (shapeshifter) (D:9)
  A flayed ghost (D:9)
  An orc knight (Orc:1)
  Pikel (D:9)
  An ugly thing (D:9)
  An elephant (D:9)
  Joseph (D:8)
  A troll (Orc:1)
  A hornet (D:9)
  A hippogriff (D:9)
  2 dream sheep (D:9)
  6 yaks
  A hungry ghost (D:3)
  A basilisk (D:9)
  A warg (Orc:1)
  A water moccasin (D:9)
  8 orc warriors
  2 black bears
  5 ogres
  3 ice beasts
  2 phantoms (D:7)
  A sky beast (D:8)
  4 slaves (D:9)
  The ghost of Kinglyer the Skirmisher, an amateur DsFi (D:3)
  3 centaurs (D:6)
  A crocodile (D:9)
  3 big kobolds (D:9)
  2 bullfrogs
  A scorpion (D:4)
  10 killer bees (D:9)
  5 wights
  A howler monkey (D:7)
  4 crimson imps
  4 jellies
  A quasit (D:9)
  A bullfrog zombie (D:5)
  11 orc priests
  A bullfrog skeleton (D:8)
  5 hounds
  5 orc wizards
  An iguana (D:6)
  4 worker ants
  A hound zombie (D:7)
  3 hound skeletons
  Robin (D:4)
  14 gnolls
  A howler monkey skeleton (D:9)
  5 adders
  3 shadow imps
  An adder zombie (D:5)
  3 adder skeletons
  3 worms
  3 dart slugs
  6 leopard geckos
  52 orcs
  A ball python (D:3)
  7 bats
  3 giant cockroaches
  14 goblins
  7 hobgoblins
  8 jackals
  6 kobolds
  2 quokkas
  A ball python skeleton (D:6)
  A leopard gecko skeleton (D:8)
  A quokka zombie (D:8)
  5 rats
267 creatures vanquished.

Vanquished Creatures (others)
  An ogre (D:9)
  A scorpion (D:9)
  An iguana (D:9)
  A jackal (D:9)
  A fungus (D:8)
  A spectral weapon (D:3)
6 creatures vanquished.

Grand Total: 273 creatures vanquished

Notes
Turn   | Place    | Note
-------+----------+-------------------------------------------
     0 | D:1      | theclanless the Gnoll Skald began the quest for the Orb.
     0 | D:1      | Reached XP level 1. HP: 20/20 MP: 6/6
    45 | D:1      | Reached XP level 2. HP: 26/26 MP: 2/7
   431 | D:1      | Reached XP level 3. HP: 31/31 MP: 9/9
   491 | D:1      | Reached skill level 5 in Spellcasting
   614 | D:2      | Learned a level 3 spell: Regeneration
   617 | D:2      | Learned a level 2 spell: Song of Slaying
   620 | D:2      | Learned a level 2 spell: Shroud of Golubria
   624 | D:2      | Learned a level 3 spell: Spectral Weapon
   833 | D:2      | Reached skill level 1 in Invocations
   948 | D:2      | Found a sacrificial altar of Ru.
   965 | D:2      | Became a worshipper of Ru the Awakened
   980 | D:2      | Reached skill level 1 in Short Blades
   980 | D:2      | Reached skill level 1 in Long Blades
   980 | D:2      | Reached skill level 1 in Maces & Flails
   980 | D:2      | Reached skill level 1 in Polearms
   980 | D:2      | Reached skill level 1 in Staves
   980 | D:2      | Reached skill level 1 in Slings
   980 | D:2      | Reached skill level 1 in Bows
   980 | D:2      | Reached skill level 1 in Crossbows
   980 | D:2      | Reached skill level 1 in Throwing
   980 | D:2      | Reached skill level 1 in Stealth
   980 | D:2      | Reached skill level 1 in Shields
   980 | D:2      | Reached skill level 1 in Unarmed Combat
   980 | D:2      | Reached skill level 1 in Evocations
  1028 | D:2      | Reached XP level 4. HP: 37/38 MP: 11/11
  1292 | D:3      | Noticed a hungry ghost
  1303 | D:3      | Killed a hungry ghost
  1303 | D:3      | Reached skill level 1 in Conjurations
  1303 | D:3      | Reached skill level 1 in Hexes
  1303 | D:3      | Reached skill level 1 in Summonings
  1303 | D:3      | Reached skill level 1 in Necromancy
  1303 | D:3      | Reached skill level 1 in Translocations
  1303 | D:3      | Reached skill level 1 in Transmutations
  1303 | D:3      | Reached skill level 1 in Fire Magic
  1303 | D:3      | Reached skill level 1 in Ice Magic
  1303 | D:3      | Reached skill level 1 in Air Magic
  1303 | D:3      | Reached skill level 1 in Earth Magic
  1303 | D:3      | Reached skill level 1 in Poison Magic
  1303 | D:3      | Reached XP level 5. HP: 40/43 MP: 2/12
  1320 | D:3      | Noticed Kinglyer's ghost (amateur DsFi)
  1331 | D:3      | Gained mutation: You possess an exceptional clarity of mind. [potion of mutation]
  1331 | D:3      | Gained mutation: You are frail. (-10% HP) [potion of mutation]
  1331 | D:3      | Gained mutation: Your mind is acute. (Int +2) [potion of mutation]
  1486 | D:3      | Reached XP level 6. HP: 23/45 MP: 3/13
  1705 | D:3      | Killed Kinglyer's ghost
  1705 | D:3      | Reached skill level 5 in Fighting
  1705 | D:3      | Reached skill level 5 in Axes
  1705 | D:3      | Reached skill level 5 in Dodging
  1858 | D:3      | Found a burning altar of Makhleb.
  1992 | D:4      | Reached XP level 7. HP: 17/50 MP: 15/15
  2216 | D:4      | Gained mutation: You are somewhat unskilled. (-1 Apt) [Ru sacrifice]
  2216 | D:4      | Reached * piety under Ru
  2216 | D:4      | Reached ** piety under Ru
  2254 | D:4      | Found the +4 arc blade {discharge, rElec}
  2332 | D:4      | Noticed Robin
  2348 | D:4      | Killed Robin
  2494 | D:4      | Learned a level 3 spell: Dazzling Spray
  2648 | D:5      | Entered Level 5 of the Dungeon
  3014 | D:5      | Found Xyxizimupp's Jewellery Shop.
  3254 | D:6      | Reached XP level 8. HP: 54/54 MP: 15/15
  3256 | D:6      | Reached skill level 5 in Fighting
  3256 | D:6      | Reached skill level 5 in Axes
  3256 | D:6      | Reached skill level 5 in Dodging
  3299 | D:6      | Found a staircase to the Ecumenical Temple.
  3313 | Temple   | Entered the Ecumenical Temple
  4392 | D:6      | Gained mutation: You cannot drink potions while threatened. [Ru sacrifice]
  4392 | D:6      | Reached *** piety under Ru
  4471 | D:7      | Reached XP level 9. HP: 57/61 MP: 17/17
  4585 | D:7      | Found an ornate altar of the Wu Jian Council.
  4750 | D:7      | Found a bloodstained altar of Trog.
  5287 | D:8      | Reached skill level 5 in Armour
  5287 | D:8      | Reached XP level 10. HP: 68/68 MP: 19/19
  5354 | D:8      | Noticed Joseph
  5363 | D:8      | Killed Joseph
  5393 | D:8      | Found a blossoming altar of Fedhas.
  5396 | D:8      | Found a basalt altar of Yredelemnul.
  5397 | D:8      | Noticed a two-headed ogre
  5404 | D:8      | Killed a two-headed ogre
  5404 | D:8      | Reached skill level 5 in Invocations
  5480 | D:8      | Found a hide-covered altar of Uskayaw.
  5599 | D:8      | Gained mutation: You are somewhat inexperienced. (-2 XL) [Ru sacrifice]
  5599 | D:8      | Reached XP level 9. HP: 63/63 MP: 27/27
  5599 | D:8      | Reached XP level 8. HP: 58/58 MP: 26/26
  5599 | D:8      | Reached **** piety under Ru
  5599 | D:8      | Reached ***** piety under Ru
  5947 | D:9      | Noticed a centaur warrior
  5960 | D:9      | Killed a centaur warrior
  5960 | D:9      | Reached XP level 9. HP: 10/63 MP: 19/19
  5962 | D:9      | Noticed an elephant
  5972 | D:9      | Killed an elephant
  5972 | D:9      | Reached skill level 5 in Short Blades
  5972 | D:9      | Reached skill level 5 in Long Blades
  5972 | D:9      | Reached skill level 5 in Maces & Flails
  5972 | D:9      | Reached skill level 5 in Polearms
  5972 | D:9      | Reached skill level 5 in Staves
  5972 | D:9      | Reached skill level 5 in Slings
  5972 | D:9      | Reached skill level 5 in Bows
  5972 | D:9      | Reached skill level 5 in Crossbows
  5972 | D:9      | Reached skill level 5 in Throwing
  5972 | D:9      | Reached skill level 5 in Stealth
  5972 | D:9      | Reached skill level 5 in Shields
  5972 | D:9      | Reached skill level 5 in Unarmed Combat
  5972 | D:9      | Reached skill level 5 in Evocations
  5977 | D:9      | Noticed a two-headed ogre
  6150 | D:9      | Found a staircase to the Orcish Mines.
  6152 | D:9      | Noticed a hornet
  6155 | D:9      | Killed a hornet
  6155 | D:9      | Reached XP level 10. HP: 68/69 MP: 20/20
  6171 | D:9      | Killed a two-headed ogre
  6317 | D:9      | Noticed a three-headed hydra
  6322 | D:9      | Killed a three-headed hydra
  6415 | D:9      | Found a staircase to the Lair.
  6415 | D:9      | Noticed a flayed ghost
  6423 | D:9      | Killed a flayed ghost
  6429 | D:9      | Noticed a fire crab
  6429 | D:9      | a meliai changed into a fire crab
  6432 | D:9      | Killed a fire crab
  6432 | D:9      | Reached XP level 11. HP: 75/75 MP: 22/22
  6469 | D:9      | Found an iron altar of Okawaru.
  6471 | D:9      | Found a shadowy altar of Dithmenos.
  6472 | D:9      | Noticed a cyan ugly thing
  6536 | D:9      | Killed a cyan ugly thing
  6565 | D:9      | Noticed Pikel
  6585 | D:9      | Killed Pikel
  6630 | D:9      | Found a stormy altar of Qazlal.
  7052 | Orc:1    | Entered Level 1 of the Orcish Mines
  7086 | Orc:1    | Noticed an orc knight
  7090 | Orc:1    | Noticed an orc warlord
  7096 | Orc:1    | Reached skill level 5 in Conjurations
  7096 | Orc:1    | Reached skill level 5 in Hexes
  7096 | Orc:1    | Reached skill level 5 in Summonings
  7096 | Orc:1    | Reached skill level 5 in Necromancy
  7096 | Orc:1    | Reached skill level 5 in Translocations
  7096 | Orc:1    | Reached skill level 5 in Transmutations
  7096 | Orc:1    | Reached skill level 5 in Fire Magic
  7096 | Orc:1    | Reached skill level 5 in Ice Magic
  7096 | Orc:1    | Reached skill level 5 in Air Magic
  7096 | Orc:1    | Reached skill level 5 in Earth Magic
  7096 | Orc:1    | Reached skill level 5 in Poison Magic
  7096 | Orc:1    | HP: 2/75 [orc knight/long sword (21)]
  7101 | Orc:1    | Killed an orc knight
  7101 | Orc:1    | Demolished by an orc warlord

Vault maps used:
D:1:      roderic_dead_forest, nrook_mini_vaults, hangedman_decor_points
D:2:      nicolae_ru_awakened_eye
D:3:      lightli_temple_of_fire
D:4:      nicolae_overflow_hidden_temple, uniq_robin
D:5:      serial_shops, shop_fountains, first_ration
D:6:      minmay_temple_entry_crystal_x, nicolae_benzene_ring,
          minmay_small_thing
D:7:      lemuel_doored_altar, overflow_temple_1_default
D:8:      fedhas_altar_3, lemuel_crystal_altar, kennysheep_little_box,
          uniq_joseph
D:9:      hangedman_cross_stitches, grunt_qazlal_clouds, david_lair_generic,
          hangedman_ranch, kennysheep_big_empty_room, jmf_multi_god_temple,
          uniq_pikel
Temple:   oiseaux_autumnal_temple
Orc:1:    serial_shops, shop, nicolae_orc_lost_temple, uniq_fannar

Skill      XL: |  1  2  3  4  5  6  7  8  9 10 11 |
---------------+----------------------------------+-----
Spellcasting   | 5 7 |  7.6
Invocations    | 1 2 3 4 6 |  6.6
Short Blades   | 1 2 3 5 6 |  6.0
Long Blades    | 1 2 3 5 6 |  6.0
Maces & Flails | 1 2 3 5 6 |  6.0
Polearms       | 1 2 3 5 6 |  6.0
Staves         | 1 2 3 5 6 |  6.0
Slings         | 1 2 3 5 6 |  6.0
Bows           | 1 2 3 5 6 |  6.0
Crossbows      | 1 2 3 5 6 |  6.0
Throwing       | 1 2 3 5 6 |  6.0
Stealth        | 1 2 3 5 6 |  6.0
Shields        | 1 2 3 5 6 |  6.0
Unarmed Combat | 1 2 3 5 6 |  6.0
Evocations     | 1 2 3 5 6 |  6.0
Armour         | 3 4 5 6 |  6.5
Conjurations   | 1 2 4 3 5 |  5.0
Hexes          | 1 2 4 3 5 |  5.0
Summonings     | 1 2 4 3 5 |  5.0
Necromancy     | 1 2 4 3 5 |  5.0
Translocations | 1 2 4 3 5 |  5.0
Transmutations | 1 2 4 3 5 |  5.0
Fire Magic     | 1 2 4 3 5 |  5.0
Ice Magic      | 1 2 4 3 5 |  5.0
Air Magic      | 1 2 4 3 5 |  5.0
Earth Magic    | 1 2 4 3 5 |  5.0
Poison Magic   | 1 2 4 3 5 |  5.0
Fighting       | 5 4 5 6 7 |  7.4
Axes           | 5 4 5 6 7 |  7.4
Dodging        | 5 4 5 6 7 |  7.4
Charms         | 6 7 |  7.1

Action                   |  1- 3 |  4- 6 |  7- 9 | 10-12 || total
-------------------------+-------+-------+-------+-------++-------
Melee: Hand axe          |    85 |    93 |    33 |       ||   211
       Bite              |     7 |    15 |    47 |     8 ||    77
       Punch             |       |     1 |     4 |     2 ||     7
       Rapier            |       |       |   326 |   120 ||   446
       Spear             |       |       |     4 |       ||     4
       War axe           |       |       |    11 |       ||    11
       Long sword        |       |       |     7 |       ||     7
 Cast: Infusion          |     3 |     3 |       |       ||     6
       Spectral Weapon   |     1 |     6 |    10 |     8 ||    25
       Shroud of Golubri |       |     3 |     4 |     8 ||    15
       Regeneration      |       |     5 |    12 |     3 ||    20
       Song of Slaying   |       |     1 |     3 |     2 ||     6
       Dazzling Spray    |       |       |     4 |     2 ||     6
Invok: Sacrifice Skill   |       |       |     1 |       ||     1
       Sacrifice Drink   |       |       |     1 |       ||     1
       Sacrifice Experie |       |       |     1 |       ||     1
       Draw Out Power    |       |       |     1 |     1 ||     2
       Apocalypse        |       |       |       |     1 ||     1
  Use: Scroll            |     3 |     4 |     9 |     2 ||    18
       Potion            |       |     4 |       |       ||     4
 Stab: Sleeping          |     1 |       |     6 |     1 ||     8
       Distracted        |       |     2 |     2 |     2 ||     6
       Invisible         |       |       |     5 |       ||     5
  Eat: Chunk             |     1 |     3 |    14 |     6 ||    24
Armor: Leather armour    |     6 |       |       |       ||     6
       Robe              |    13 |    12 |    49 |     6 ||    80
Dodge: Dodged            |    57 |    59 |   405 |   103 ||   624
Block: Other             |     1 |    10 |       |       ||    11
       Rpst.: Long sword |       |       |     8 |       ||     8

Table legend:
 A = Spawn XP
 B = Non-spawn XP
 C = Spawn XP percentage of total XP
 D = Spawn monster count
 E = Non-spawn monster count
 F = Spawn count percentage of total count
 G = Total turns spent on level
                    A         B        C        D         E        F      G
               +---------+---------+-------+---------+---------+-------+---------
         Total |       0 |   17797 |   0.0 |       0 |     264 |   0.0 |  7101
               +---------+---------+-------+---------+---------+-------+---------
           D:1 |       0 |      38 |   0.0 |       0 |      20 |   0.0 |   563
           D:2 |       0 |      46 |   0.0 |       0 |      15 |   0.0 |   810
           D:3 |       0 |     470 |   0.0 |       0 |      16 |   0.0 |   612
           D:4 |       0 |     344 |   0.0 |       0 |      24 |   0.0 |   663
           D:5 |       0 |     184 |   0.0 |       0 |      17 |   0.0 |   534
           D:6 |       0 |    1166 |   0.0 |       0 |      36 |   0.0 |   911
           D:7 |       0 |    1285 |   0.0 |       0 |      26 |   0.0 |   667
           D:8 |       0 |    3008 |   0.0 |       0 |      28 |   0.0 |   902
           D:9 |       0 |    9395 |   0.0 |       0 |      55 |   0.0 |  1089
         Orc:1 |       0 |    1861 |   0.0 |       0 |      27 |   0.0 |    49
               +---------+---------+-------+---------+---------+-------+---------
